 Dungeon Crawl Stone Soup version 0.29.0-15-g675c0067aa (webtiles) character file.

Game seed: 3397512796454896252

667 qw the Cleaver (level 7, -4/59 HPs)
             Began as a Minotaur Berserker on Sept 12, 2022.
             Was a Priest of Trog.
             Slain by a vampire (6 damage)
             ... on level 5 of the Dungeon.
             The game lasted 00:01:24 (4442 turns).

qw the Cleaver (Minotaur Berserker)                 Turns: 4442, Time: 00:01:25

Health: -4/59      AC: 16    Str: 24    XL:     7   Next: 31%
Magic:  6/6        EV:  6    Int:  4    God:    Trog [***...]
Gold:   82         SH:  0    Dex:  9    Spells: 6/6 levels left

rFire   . . .      SeeInvis .   Y - +1 war axe (drain)
rCold   . . .      Faith    .   p - +2 buckler
rNeg    . . .      Spirit   .   t - +0 plate armour
rPois   .          Reflect  .   (helmet restricted)
rElec   .          Harm     .   (no cloak)
rCorr   .          Rampage  .   (no gloves)
Will    .....                   e - +0 pair of boots
Stlth   ..........              (no amulet)
HPRegen 0.19/turn               k - +4 ring of protection
MPRegen 0.10/turn               (no ring)

@: confused
A: horns 2, retaliatory headbutt
a: Renounce Religion, Berserk, Trog's Hand


You were on level 5 of the Dungeon.
You worshipped Trog.
Trog was most pleased with you.
You visited 1 branch of the dungeon, and saw 5 of its levels.

You collected 199 gold pieces.
You spent 117 gold pieces at shops.


Innate Abilities, Weirdness & Mutations

You have a pair of horns on your head.
You reflexively headbutt those who attack you in melee.


   Skills:
 - Level 4.2 Fighting
 - Level 9.1 Axes
 + Level 3.3 Armour
 - Level 2.1 Dodging
 - Level 3.3 Shields


You had 6 spell levels left.
You didn't know any spells.
Your spell library was empty.

Inventory:

Hand Weapons
 b - a +0 flail
 Y - a +1 war axe of draining (weapon)
Armour
 e - a +0 pair of boots (worn)
 p - a +2 buckler (worn)
 t - a +0 plate armour (worn)
Jewellery
 k - a +4 ring of protection (left hand)
Scrolls
 g - 2 scrolls of teleportation
 l - 2 scrolls of identify
Potions
 c - 2 potions of heal wounds
 d - a potion of might
 f - a potion of invisibility {unknown}
 i - a potion of flight {unknown}
 j - a potion of berserk rage {unknown}
 n - a potion of brilliance {unknown}
 o - a potion of mutation {unknown}
 q - a potion of cancellation {unknown}
 s - a potion of attraction {unknown}
 v - a potion of haste {unknown}

Dungeon Overview and Level Annotations

Branches:
Dungeon (5/15)
 Temple: D:4-7

Altars:
Kikubaaqudgha

Shops:
D:4 *

Annotations:
D:1 2 runed translucent doors


Message History

The vampire draws strength from your injuries!
You closely miss the vampire.
The vampire hits you but does no damage.
The vampire bites you!
The vampire draws strength from your injuries!
You slash the vampire!
You headbutt the vampire, but do no damage.
The vampire is moderately damaged.
The vampire gestures wildly while chanting.
The vampire flickers and vanishes!
Deactivating autopickup; reactivate with Ctrl-A.
You barely miss something. Your headbutt misses something.
Something hits you but does no damage. Something bites you.
Something draws strength from your injuries!
You slash something! Something completely misses you. Something bites you.
Something draws strength from your injuries!
You barely miss something. Something hits you but does no damage.
You block something's attack.
You miss something. You headbutt something!
Something draws life force from you!
You hit something but do no damage. Something hits you but does no damage.
Something bites you but does no damage.
You slash something! Something draws life force from you!!
You miss something.
You hear some strange, mumbled words.
You are confused.
4440 ||| DRINKING potion of curing.
You feel better.
4440 ||| (to cure confusion)
You hear some strange, mumbled words.
You are confused.
You're too confused to attack without stumbling around!
There is a strange disturbance nearby!
Something hits you but does no damage. Something bites you!
Something draws strength from your injuries!
You're too confused to attack without stumbling around!
There is a strange disturbance nearby!
Something hits you but does no damage. Something bites you.
You die...

... .. .. #. #..
#..# .. #..{### .#
#.@.# .#
#...######## ##. ##
##.........###.. #.
#####.###.....###.
######.............
#.......######...##
...#####..####..###
##...##.##
###....#####


There were no monsters in sight!

Vanquished Creatures
  A black bear (D:4)
  A necrophage (D:5)
  2 scorpions
  A jelly (D:5)
  3 orc priests (D:4)
  Natasha (thrice) (D:3)
  2 iguanas
  5 adders
  A worm (D:2)
  A dart slug (D:1)
  5 orcs
  7 endoplasms
  13 goblins
  9 hobgoblins
  2 jackals (D:3)
  2 quokkas (D:1)
  3 ball pythons
  5 bats
  4 frilled lizards
  3 giant cockroaches
  4 kobolds
  7 rats
84 creatures vanquished.

Notes
Turn   | Place    | Note
-------+----------+-------------------------------------------
     0 | D:1      | qw the Minotaur Berserker began the quest for the Orb.
     0 | D:1      | Reached XP level 1. HP: 19/19 MP: 0/0
     0 | D:1      | 0 ||| qw: Version: 0.1-a-119-g272c26d
     0 | D:1      | 0 ||| qw: Game counter: 10971
     0 | D:1      | 0 ||| qw: Always use a shield: true
     0 | D:1      | 0 ||| qw: Do Orc after D:15 true
     0 | D:1      | 0 ||| qw: Do second Lair branch before Depths: true
     0 | D:1      | 0 ||| qw: Lair rune preference: random
     0 | D:1      | 0 ||| qw: Plans: Normal
     0 | D:1      | 0 ||| PLANNING D:1-11
    57 | D:1      | Reached skill level 4 in Axes
    60 | D:1      | 60 ||| Stepping ~*~*~tactically~*~*~ (stealth).
    61 | D:1      | 61 ||| Stepping ~*~*~tactically~*~*~ (stealth).
    63 | D:1      | 63 ||| Stepping ~*~*~tactically~*~*~ (stealth).
    66 | D:1      | 66 ||| Stepping ~*~*~tactically~*~*~ (stealth).
    76 | D:1      | Reached XP level 2. HP: 18/26 MP: 1/1
    80 | D:1      | 80 ||| Stepping ~*~*~tactically~*~*~ (stealth).
    81 | D:1      | 81 ||| Stepping ~*~*~tactically~*~*~ (stealth).
    83 | D:1      | 83 ||| Stepping ~*~*~tactically~*~*~ (stealth).
    87 | D:1      | 87 ||| Stepping ~*~*~tactically~*~*~ (stealth).
    90 | D:1      | 90 ||| Stepping ~*~*~tactically~*~*~ (stealth).
    95 | D:1      | 95 ||| Stepping ~*~*~tactically~*~*~ (stealth).
   235 | D:1      | Found a large runed translucent door.
   235 | D:1      | Found a large runed translucent door.
   235 | D:1      | Noticed an ogre
   235 | D:1      | Noticed an ogre
   237 | D:1      | Noticed an ogre
   237 | D:1      | Noticed an ogre
   393 | D:1      | 393 ||| Stepping ~*~*~tactically~*~*~ (hiding).
   394 | D:1      | 394 ||| Stepping ~*~*~tactically~*~*~ (hiding).
   626 | D:1      | Reached ** piety under Trog
   627 | D:1      | Reached skill level 5 in Axes
   718 | D:1      | 718 ||| Stepping ~*~*~tactically~*~*~ (stealth).
   726 | D:1      | Reached XP level 3. HP: 24/31 MP: 2/2
  1056 | D:1      | 1056 ||| UPGRADING to +0 pair of boots.
  1061 | D:1      | 1061 ||| UPGRADING to +4 ring of protection.
  1062 | D:1      | 1062 ||| READING scroll labelled RUWNYPTUISM.
  1071 | D:1      | 1071 ||| READING scroll labelled XAOMAO IWNOMEL.
  1072 | D:1      | 1072 ||| READING scroll labelled OKHLON CAXT.
  1506 | D:2      | 1506 ||| Stepping ~*~*~tactically~*~*~ (stealth).
  1557 | D:2      | 1557 ||| Stepping ~*~*~tactically~*~*~ (stealth).
  1612 | D:2      | 1612 ||| INVOKING Berserk.
  1658 | D:2      | Reached XP level 4. HP: 34/39 MP: 3/3
  1705 | D:2      | Reached skill level 6 in Axes
  2024 | D:2      | 2024 ||| UPGRADING to +0 ring mail.
  2034 | D:2      | 2034 ||| DROPPING +0 animal skin.
  2035 | D:2      | 2035 ||| READING scroll labelled AMATHR EG MIETA.
  2036 | D:2      | 2036 ||| READING scroll labelled ENEMO UXIGREQE.
  2056 | D:3      | Noticed Natasha
  2057 | D:3      | 2057 ||| Stepping ~*~*~tactically~*~*~ (hiding).
  2061 | D:3      | 2061 ||| INVOKING Berserk.
  2065 | D:3      | Killed Natasha
  2077 | D:3      | Noticed Natasha
  2078 | D:3      | 2078 ||| Stepping ~*~*~tactically~*~*~ (stealth).
  2081 | D:3      | 2081 ||| Stepping ~*~*~tactically~*~*~ (stealth).
  2082 | D:3      | 2082 ||| Stepping ~*~*~tactically~*~*~ (stealth).
  2085 | D:3      | Killed Natasha
  2270 | D:3      | Reached skill level 7 in Axes
  2270 | D:3      | Reached XP level 5. HP: 45/45 MP: 4/4
  2402 | D:3      | Noticed Natasha
  2403 | D:3      | 2403 ||| Stepping ~*~*~tactically~*~*~ (stealth).
  2409 | D:3      | 2409 ||| INVOKING Berserk.
  2414 | D:3      | Killed Natasha
  2833 | D:3      | 2833 ||| UPGRADING to +2 buckler.
  2838 | D:3      | 2838 ||| READING 2 scrolls labelled URUISHR UCOHA.
  2839 | D:3      | 2839 ||| READING scroll labelled GUACLE AXENTE.
  2840 | D:3      | 2840 ||| DROPPING scroll of noise.
  2859 | D:4      | 2859 ||| Stepping ~*~*~tactically~*~*~ (hiding).
  2867 | D:4      | 2867 ||| STAIRDANCE
  2897 | D:4      | 2897 ||| DROPPING +0 club.
  2911 | D:4      | 2911 ||| INVOKING Berserk.
  2919 | D:4      | Reached XP level 6. HP: 34/52 MP: 5/5
  3092 | D:4      | 3092 ||| SWAPPING to +0 war axe.
  3093 | D:4      | 3093 ||| DROPPING +1 hand axe of chaos.
  3113 | D:4      | Reached *** piety under Trog
  3188 | D:4      | 3188 ||| INVOKING Berserk.
  3194 | D:4      | Reached skill level 8 in Axes
  3568 | D:4      | Found Roydd's Assorted Antiques.
  3614 | D:4      | Found an ancient bone altar of Kikubaaqudgha.
  4017 | D:4      | 4017 ||| BUYING purple potion (27 gold).
  4017 | D:4      | Bought a purple potion for 27 gold pieces
  4017 | D:4      | 4017 ||| SHOPLISTING runed broad axe (210 gold, have 114).
  4017 | D:4      | 4017 ||| BUYING scroll labelled JUNWIOG BUOGU (30 gold).
  4017 | D:4      | Bought a scroll labelled JUNWIOG BUOGU for 30 gold pieces
  4017 | D:4      | 4017 ||| BUYING scroll of identify (60 gold).
  4017 | D:4      | Bought a scroll of identify for 60 gold pieces
  4026 | D:4      | 4026 ||| UPGRADING to +0 plate armour.
  4036 | D:4      | 4036 ||| DROPPING +0 ring mail.
  4037 | D:4      | 4037 ||| DROPPING ring of flight.
  4038 | D:4      | 4038 ||| READING scroll labelled LUNGYG QAGH.
  4039 | D:4      | 4039 ||| READING scroll labelled LIROWKE VAAMA.
  4040 | D:4      | 4040 ||| READING scroll labelled JUNWIOG BUOGU.
  4041 | D:4      | 4041 ||| READING 3 scrolls of identify.
  4041 | D:4      | 4041 ||| IDENTIFYING pink potion
  4042 | D:4      | 4042 ||| READING 2 scrolls of identify.
  4042 | D:4      | 4042 ||| IDENTIFYING emerald potion
  4087 | D:5      | Entered Level 5 of the Dungeon
  4097 | D:5      | Reached skill level 3 in Armour
  4097 | D:5      | Reached XP level 7. HP: 59/59 MP: 6/6
  4142 | D:5      | 4142 ||| READING scroll of enchant weapon.
  4142 | D:5      | 4142 ||| ENCHANTING +0 war axe.
  4162 | D:5      | Reached skill level 9 in Axes
  4208 | D:5      | 4208 ||| INVOKING Berserk.
  4332 | D:5      | Reached skill level 3 in Shields
  4379 | D:5      | 4379 ||| READING scroll of brand weapon.
  4379 | D:5      | 4379 ||| BRANDING +1 war axe.
  4423 | D:5      | Noticed a vampire
  4438 | D:5      | HP: 1/59 [something (20)]
  4440 | D:5      | 4440 ||| DRINKING potion of curing.
  4440 | D:5      | 4440 ||| (to cure confusion)
  4442 | D:5      | Slain by a vampire

Levels and vault maps discovered:
D:1:      erik_arrival_cave_to_civilisation [erik_arrival_cave_to_temple],
          layout_basic, hex_medium, st_stairs_8, minmay_misc_feat_square
D:2:      layout_loops_corners
D:3:      layout_loops_cross, uniq_natasha
D:4:      layout_loops_corners, overflow_temple_1_default, serial_shops,
          nicolae_shop_waterfront
D:5:      layout_rooms

Skill      XL: |  1  2  3  4  5  6  7 |
---------------+----------------------+-----
Axes           | 4 5 7 8 9 |  9.1
Fighting       | 4 |  4.2
Shields        | 2 3 |  3.3
Armour         | 3 |  3.3
Dodging        | |  2.1

Action                   |  1- 3 |  4- 6 |  7- 9 || total
-------------------------+-------+-------+-------++-------
Melee: Hand axe          |    95 |    67 |       ||   162
       Headbutt          |    17 |     9 |     6 ||    32
       War axe           |       |    31 |    21 ||    52
Invok: Berserk           |     1 |     4 |     1 ||     6
  Use: Scroll            |     3 |     9 |     2 ||    14
       Potion            |       |       |     1 ||     1
 Stab: Paralysed         |       |     1 |       ||     1
Armor: Animal skin       |    25 |     5 |       ||    30
       Ring mail         |       |    23 |       ||    23
       Plate armour      |       |     5 |    10 ||    15
Dodge: Dodged            |    42 |    35 |     5 ||    82
Block: Buckler           |       |    10 |     6 ||    16

Table legend:
 A = Non-vault XP
 B = Vault XP
 C = Vault XP percentage of total XP
 D = Non-vault monster count
 E = Vault monster count
 F = Vault count percentage of total count
                 A         B        C        D         E       F
            +---------+---------+-------+---------+---------+-------
      Total |     911 |      42 |   4.4 |      80 |       5 |   5.9
            +---------+---------+-------+---------+---------+-------
        D:1 |      39 |       7 |  15.2 |      24 |       4 |  14.3
        D:2 |      72 |       0 |   0.0 |      20 |       0 |   0.0
        D:3 |     104 |      35 |  25.2 |      13 |       1 |   7.1
        D:4 |     442 |       0 |   0.0 |      19 |       0 |   0.0
        D:5 |     254 |       0 |   0.0 |       4 |       0 |   0.0
            +---------+---------+-------+---------+---------+-------
